 Dungeon Crawl Stone Soup version 0.16-a0-2675-g216447c (webtiles) character file.

108629 thetao the Stickfighter (level 16, -17/101 HPs)
             Began as a Gargoyle Gladiator on Nov 22, 2014.
             Was the Champion of the Shining One.
             Demolished by a very large slime creature (40 damage)
             ... on level 14 of the Dungeon on Nov 24, 2014.
             The game lasted 01:54:12 (32375 turns).

thetao the Stickfighter (Gargoyle Gladiator)       Turns: 32375, Time: 01:54:12

Health: -17/101    AC: 40    Str: 21    XL:     16   Next: 50%
Magic:  33/33      EV: 11    Int: 17    God:    the Shining One [******]
Gold:   1545       SH:  0    Dex: 13    Spells: 5 memorised, 6 levels left

rFire  + . .     SeeInvis .     a - +5 quarterstaff
rCold  x . .     Clarity  .     u - +4 fire dragon armour of Curiosity {+Inv rF++ rC-}
rNeg   + + +     SustAb   .     (no shield)
rPois  ∞         Gourm    .     j - +3 hat of Pondering {ponderous, MR+ MP+10 Int+5}
rElec  +         Spirit   .     v - +1 cloak {rPois}
rCorr  .         Warding  +     A - +1 pair of gloves
rMut   .         Stasis   .     Q - +1 pair of boots
MR     ++...                    o - amulet of warding
Stlth  ..........               G - ring of Neurosis {Wiz Int+1}
                                B - ring of the Messenger {Wiz +Fly rF- rN+ Slay+6}

@: flying, glowing, slow, very resistant to hostile enchantments, extremely
unstealthy
A: able to fly continuously, big wings, yellow scales 1, negative energy
resistance 1, electricity resistance, unbreathing, petrification resistance, rot
immunity, AC +11
a: Stop Flying, Divine Shield, Cleansing Flame, Summon Divine Warrior, Renounce
Religion, Evoke Invisibility


You were on level 14 of the Dungeon.
You worshipped the Shining One.
The Shining One was exalted by your worship.
You were not hungry.

You visited 3 branches of the dungeon, and saw 26 of its levels.
You also visited: Labyrinth, Bailey and Volcano.

You collected 3248 gold pieces.
You spent 1660 gold pieces at shops.
You donated 43 gold pieces to Zin.

Inventory:

Hand weapons
 a - a +5 quarterstaff (weapon)
 d - a +4 hunting sling of velocity
Missiles
 k - 9 exploding sling bullets
 I - 16 silver sling bullets
 K - 6 throwing nets (quivered)
Armour
 j - the +3 hat of Pondering (worn) {ponderous, MR+ MP+10 Int+5}
   (You took it off Gastronok on level 2 of the Lair of Beasts)

   It affects your intelligence (+5).
   It affects your resistance to hostile enchantments.
   It affects your magic capacity (+10).
 u - the +4 fire dragon armour of Curiosity (worn) {+Inv rF++ rC-}
   (You found it in a volcano)

   It greatly protects you from fire.
   It makes you vulnerable to cold.
   It lets you turn invisible.
 v - a +1 cloak of poison resistance (worn)
 A - a +1 pair of gloves (worn)
 C - the +0 leather armour of the Kettle-Drum {Dex+4 Slay+5}
   (You bought it in a shop on level 5 of the Dungeon)

   It affects your dexterity (+4).
   It affects your accuracy and damage with ranged weapons and melee attacks
   (+5).
 Q - a +1 pair of boots (worn)
 V - the +8 orange crystal plate armour {Archmagi, Int+3 Clar SustAb}
   (You found it in a labyrinth)

   It affects your intelligence (+3).
   It sustains your strength, intelligence and dexterity.
   It protects you against confusion.
Jewellery
 h - a cursed ring of sustain abilities
 n - an uncursed ring of teleportation
 o - an amulet of warding (around neck)
 q - an uncursed ring of stealth
 w - an uncursed amulet of rage
 B - the ring of the Messenger (left hand) {Wiz +Fly rF- rN+ Slay+6}
   (You bought it in a shop on level 1 of the Orcish Mines)

   [ring of wizardry]

   It improves your spell success rate.
   It affects your accuracy and damage with ranged weapons and melee attacks
   (+6).
   It makes you vulnerable to fire.
   It protects you from negative energy.
   It lets you fly.
 G - the ring of Neurosis (right hand) {Wiz Int+1}
   (You found it on level 13 of the Dungeon)

   [ring of wizardry]

   It improves your spell success rate.
   It affects your intelligence (+1).
Magical devices
 b - a wand of cold (2)
 e - a wand of paralysis (11)
 l - a wand of lightning (5)
 H - a wand of disintegration (12)
 N - a wand of confusion (21)
Scrolls
 i - 8 scrolls of remove curse
 s - 10 scrolls of identify
 t - 6 scrolls of blinking
 x - 3 scrolls of teleportation
 y - a scroll of fog
 z - a scroll of magic mapping
 F - 2 scrolls of fear
 R - a scroll of enchant weapon
Potions
 m - 2 potions of restore abilities
 p - 5 potions of curing
 r - 4 potions of brilliance
 E - 4 potions of heal wounds
 J - a potion of agility
 L - a potion of lignification
 M - a potion of cancellation
 O - a potion of berserk rage
 T - 2 potions of haste
 X - a potion of magic
 Y - a potion of might
 Z - a potion of resistance
Miscellaneous
 c - a stone of tremors
Comestibles
 f - 11 bread rations
 g - a chunk of flesh
 S - 9 fruits
 U - 9 royal jellies


   Skills:
 - Level 12.0 Fighting
 * Level 19.6 Staves
 - Level 2.0 Throwing
 + Level 11.6 Armour
 - Level 8.3 Dodging
 - Level 2.0 Spellcasting
 - Level 6.1 Charms
 - Level 7.1 Earth Magic
 - Level 4.5 Invocations


You had 6 spell levels left.
You knew the following spells:

 Your Spells              Type           Power        Failure   Level  Hunger
a - Lee's Rapid Deconstr  Erth           ####......   17%         5    ######.
b - Infusion              Chrm           ###...       1%          1    #......
c - Song of Slaying       Chrm           ###.....     1%          2    ###....
d - Shroud of Golubria    Chrm/Tloc      ##........   4%          2    ###....
e - Spectral Weapon       Hex/Chrm       ##......     9%          3    ###....


Dungeon Overview and Level Annotations

Branches:
Dungeon (14/15)            Temple (0/1) D:7            Lair (8/8) D:10
  Swamp (0/5) Lair:3       Spider (0/5) Lair:4        Slime (0/6) Lair:8
    Orc (4/4) D:12            Elf (0/3) Orc:3        Vaults (0/5) D:14

Altars:
Cheibriados
Makhleb
Qazlal
Trog
Vehumet
Yredelemnul
Zin
The Shining One

Shops:
D:5 *   D:9 %   D:10 }   Orc:1 =   Orc:2 *   Orc:3 }*!!   Orc:4 }***


Innate Abilities, Weirdness & Mutations

You are resistant to torment.
You are immune to poison.
You can fly continuously.
Your stone body is very resilient (AC +11).
Your wings are large and strong.
You resist negative energy.
You are resistant to electric shocks.
You can survive without breathing.
You are immune to petrification.
You are immune to rotting.
You are partially covered in yellow scales (AC +2).


Message History

Zapping:
H - a wand of disintegration {recharged} (will waste charges)
Press: ? - help, Shift-Dir - straight line, f - very large slime creature
Aim: a very large slime creature (severely wounded, haloed)
The very large slime creature is blasted.
Evoking this partially-identified wand wasted a few charges.
The very large slime creature completely misses you.
The very large slime creature hits you but does no damage.
You hit the very large slime creature.
The very large slime creature is almost dead.
You hit the very large slime creature but do no damage.
The very large slime creature is almost dead.
The very large slime creature completely misses you.
You sock the very large slime creature!
The very large slime creature is almost dead.
You sock the very large slime creature!
The very large slime creature is almost dead.
The very large slime creature hits you!!
* * * LOW HITPOINT WARNING * * *
The very large slime creature hits you!!!
You die...

# ### #.# #.# #.#
###############.#######
........................
...................####
################J..# #@..#
#...# #...#
################...#
................>..######
.######.######...)........
.# #.# #............ .#
##.## #.##.########
.#####...#####.##.#


You could see a very large slime creature.

Vanquished Creatures
  Gastronok (Lair:2)
  The ghost of Train the Martial Artist, a powerful DrTm of Makhleb (Lair:8)
  8 vault guards (D:14)
  A minotaur (Lab)
  Josephine (D:10)
  Harold (Lair:2)
  7 hydras
  3 centaur warriors
  A tengu warrior (D:12)
  2 ogre magi (Orc:4)
  20 death yaks
  4 catoblepae
  Nergalle (Lair:2)
  A fire crab (Lair:8)
  An unseen horror (D:14)
  4 hill giants
  2 deep trolls (Orc:4)
  An ugly thing (D:12)
  3 lindwurms
  An orc sorcerer (Orc:3)
  3 cyclopes
  A red wasp (shapeshifter) (D:12)
  5 black mambas
  13 elephants (Lair:8)
  Joseph (D:7)
  A queen ant (Lair:7)
  A torpor snail (Lair:5)
  6 gargoyles
  A kobold demonologist (D:11)
  2 molten gargoyles (Volcano)
  10 spiny frogs
  A tengu conjurer (D:12)
  5 komodo dragons
  A blue devil (D:11)
  2 fire drakes
  A queen bee (Lair:1)
  9 trolls
  A polar bear (Lair:8)
  Grinder (D:5)
  7 slime creatures
  3 ravens (D:12)
  28 blink frogs
  A trapdoor spider (D:13)
  9 two-headed ogres
  3 basilisks
  3 fire elementals (Volcano)
  A deep elf mage (D:12)
  A spriggan (D:8)
  4 wyverns
  10 hippogriffs
  A vampire (D:13)
  Eustachio (D:5)
  8 vampire mosquitoes
  84 yaks
  Grum (D:10)
  2 steam dragons
  6 swamp worms (Lair:3)
  Edmund (D:5)
  Menkaure (D:7)
  3 wargs
  2 hungry ghosts (D:10)
  A mottled dragon (D:13)
  15 water moccasins
  8 soldier ants
  18 orc warriors
  12 porcupines
  3 phantoms
  A sky beast (D:6)
  13 wolves
  9 spiders (Lair:4)
  6 ice beasts
  2 eyes of draining (D:13)
  4 black bears
  2 necrophages
  19 crocodiles
  4 centaurs
  19 ogres
  Sigmund (D:2)
  A boring beetle (Lair:7)
  4 big kobolds
  A gnoll sergeant (D:8)
  18 giant frogs
  A wyvern skeleton (D:10)
  3 scorpions
  15 killer bees (Lair:1)
  25 wights
  2 electric eels (Lair:3)
  3 vampire bats (Lair:2)
  30 orc priests
  3 centaur zombies
  A goliath beetle (D:9)
  7 crimson imps
  2 quasits
  A wyvern simulacrum (D:10)
  Crazy Yiuf (D:3)
  14 hounds
  6 iguanas
  5 jellies
  2 giant frog skeletons
  6 centaur skeletons
  38 worker ants
  2 spectral orcs (Lair:2)
  34 orc wizards
  11 sheep
  A giant frog simulacrum (D:10)
  Ijyb (D:7)
  A hound zombie (D:10)
  A mummy (D:13)
  31 adders
  74 river rats
  7 gnolls
  A giant mite (D:7)
  2 worms (D:3)
  5 shadow imps
  An adder skeleton (D:10)
  An adder zombie (D:5)
  5 giant geckos
  164 orcs
  24 bats
  A bat skeleton (D:5)
  4 giant cockroaches
  25 goblins
  14 hobgoblins
  8 jackals
  26 kobolds
  14 quokkas
  3 ball pythons (Lair:8)
  A ball python skeleton (D:5)
  10 giant newts
  21 rats
  8 ballistomycetes (D:7)
1136 creatures vanquished.

Vanquished Creatures (others)
  A wizard (D:9)
  3 fire vortices (Volcano)
  An earth elemental (Orc:4)
  A hound (D:7)
  A quokka (Lair:5)
  A giant spore (D:7)
  15 fungi
  13 plants
36 creatures vanquished.

Grand Total: 1172 creatures vanquished

Notes
Turn   | Place    | Note
--------------------------------------------------------------
     0 | D:1      | thetao, the Gargoyle Gladiator, began the quest for the Orb.
     0 | D:1      | Reached XP level 1. HP: 12/12 MP: 1/1
   187 | D:1      | Reached XP level 2. HP: 17/17 MP: 2/2
   573 | D:1      | Reached skill level 4 in Staves
   681 | D:2      | Reached XP level 3. HP: 14/21 MP: 3/3
  1016 | D:2      | Gained mutation: Your body is slowly deteriorating. [potion of mutation]
  1016 | D:2      | Gained mutation: Your muscles are strong. (Str +2) [potion of mutation]
  1051 | D:2      | Noticed Sigmund
  1061 | D:2      | Killed Sigmund
  1061 | D:2      | Reached skill level 5 in Staves
  1061 | D:2      | Reached XP level 4. HP: 23/26 MP: 4/4
  1094 | D:2      | Reached XP level 5. HP: 26/30 MP: 5/5
  1195 | D:2      | Found a snail-covered altar of Cheibriados.
  1616 | D:3      | Reached skill level 6 in Staves
  1762 | D:3      | Reached XP level 6. HP: 24/35 MP: 6/6
  1927 | D:3      | Noticed Crazy Yiuf
  1937 | D:3      | Killed Crazy Yiuf
  2146 | D:4      | Reached skill level 7 in Staves
  2199 | D:4      | Found a glowing silver altar of Zin.
  2211 | D:4      | Gained mutation: You are clumsy. (Dex -2) [potion of mutation]
  2211 | D:4      | Gained mutation: You are dopey. (Int -2) [potion of mutation]
  2211 | D:4      | Gained mutation: Your spells are a little easier to cast, but a little less powerful. [potion of mutation]
  2217 | D:4      | Became a worshipper of Zin the Law-Giver
  2217 | D:4      | Acquired Zin's first power
  2389 | D:4      | Acquired Zin's second power
  2792 | D:5      | Entered Level 5 of the Dungeon
  2802 | D:5      | Noticed Eustachio
  2844 | D:5      | Killed Eustachio
  2844 | D:5      | Reached skill level 8 in Staves
  2844 | D:5      | Reached XP level 7. HP: 36/40 MP: 7/7
  2932 | D:5      | Upgraded the game from 0.16-a0-2622-gbfab2ba to 0.16-a0-2652-gd333f3b
  2986 | D:5      | Noticed Grinder
  3002 | D:5      | Killed Grinder
  3073 | D:5      | Found Ciupt's Assorted Antiques.
  3080 | D:5      | Bought a fine leather armour for 168 gold pieces
  3091 | D:5      | Identified the cursed +0 leather armour of the Kettle-Drum {Dex+4 Slay+5} (You bought it in a shop on level 5 of the Dungeon)
  3150 | D:5      | Found a stormy altar of Qazlal.
  3150 | D:5      | Noticed Edmund
  3172 | D:5      | Killed Edmund
  3172 | D:5      | Reached skill level 9 in Staves
  3172 | D:5      | Reached XP level 8. HP: 46/46 MP: 8/8
  3268 | D:5      | Found a bloodstained altar of Trog.
  3269 | D:5      | Found a burning altar of Makhleb.
  3875 | D:6      | Lost mutation: You are clumsy. (Dex -2) [mutagenic meat]
  3979 | D:6      | Reached skill level 10 in Staves
  3993 | D:6      | Found a basalt altar of Yredelemnul.
  3994 | D:6      | Noticed a profane servitor
  4063 | D:6      | Found a glowing golden altar of the Shining One.
  4064 | D:6      | Noticed an angel
  4168 | D:7      | Found a staircase to the Ecumenical Temple.
  4211 | D:7      | Noticed Menkaure
  4218 | D:7      | Killed Menkaure
  4218 | D:7      | Reached skill level 1 in Armour
  4295 | D:7      | Acquired Zin's third power
  4513 | D:7      | Reached XP level 9. HP: 42/52 MP: 9/9
  4517 | D:7      | Reached skill level 1 in Invocations
  4689 | D:7      | Found a radiant altar of Vehumet.
  4774 | D:7      | Reached skill level 5 in Fighting
  4904 | D:7      | Noticed Ijyb
  4914 | D:7      | Killed Ijyb
  5215 | D:7      | Reached skill level 11 in Staves
  5316 | D:7      | Noticed Joseph
  5343 | D:7      | Killed Joseph
  5827 | D:8      | Lost mutation: You are dopey. (Int -2) [potion of cure mutation]
  5827 | D:8      | Lost mutation: Your muscles are strong. (Str +2) [potion of cure mutation]
  5827 | D:8      | Lost mutation: Your body is slowly deteriorating. [potion of cure mutation]
  5827 | D:8      | Lost mutation: Your spells are a little easier to cast, but a little less powerful. [potion of cure mutation]
  5906 | D:8      | Reached XP level 10. HP: 57/60 MP: 13/15
  6666 | D:9      | Found Fajazxiq's Food Emporium.
  6706 | D:9      | Reached skill level 12 in Staves
  6917 | D:6      | Fell from the grace of Zin
  6917 | D:6      | Became a worshipper of the Shining One
  6917 | D:6      | Acquired the Shining One's first power
  6917 | D:6      | Acquired the Shining One's second power
  7177 | D:9      | Found a bloodstained altar of Trog.
  7177 | D:9      | Noticed a wizard
  7183 | D:9      | Killed a wizard
  7255 | D:9      | Reached skill level 5 in Dodging
  7489 | D:9      | Paralysed by a wight for 5 turns
  7603 | D:9      | Reached skill level 13 in Staves
  7603 | D:9      | Reached XP level 11. HP: 10/67 MP: 14/18
  8078 | D:10     | Entered Level 10 of the Dungeon
  8192 | D:10     | Found a staircase to the Lair.
  8194 | D:10     | Noticed Josephine
  8213 | D:10     | Was placed under penance by the Shining One
  8224 | D:10     | Killed Josephine
  8598 | D:10     | Noticed Grum
  8610 | D:10     | Reached skill level 14 in Staves
  8620 | D:10     | Killed Grum
  8625 | D:10     | Noticed a hill giant
  8656 | D:10     | Killed a hill giant
  9352 | D:10     | Found Smibbes' Gadget Boutique.
  9670 | Lair:1   | Entered Level 1 of the Lair of Beasts
  9769 | Lair:1   | Reached XP level 12. HP: 70/75 MP: 19/19
 10947 | Lair:2   | Reached skill level 15 in Staves
 11028 | Lair:2   | Noticed Nergalle
 11101 | Lair:2   | Killed Nergalle
 11554 | Lair:2   | Noticed Harold
 11606 | Lair:3   | Found a dark tunnel.
 11611 | Volcano  | Entered a volcano
 12358 | Volcano  | Got a pitted fire dragon armour
 12369 | Volcano  | Identified the +4 fire dragon armour of Curiosity {+Inv rF++ rC-} (You found it in a volcano)
 12539 | Volcano  | Was forgiven by the Shining One
 13771 | Lair:3   | Found a staircase to the Swamp.
 13794 | Lair:3   | Reached skill level 5 in Armour
 14092 | Lair:3   | Noticed an eight-headed hydra
 14105 | Lair:3   | Killed an eight-headed hydra
 14105 | Lair:3   | Reached XP level 13. HP: 20/80 MP: 17/20
 14519 | Lair:3   | Noticed an eight-headed hydra
 14528 | Lair:3   | Killed an eight-headed hydra
 14721 | Lair:4   | Reached skill level 16 in Staves
 14828 | Lair:4   | Reached skill level 10 in Fighting
 15114 | Lair:4   | Found a hole to the Spider Nest.
 16174 | Lair:5   | Found a labyrinth entrance.
 16183 | Lab      | Entered a labyrinth
 16816 | Lab      | Noticed a minotaur
 16831 | Lab      | Killed a minotaur
 16836 | Lab      | Identified the Disquisition on Earth
 17005 | Lab      | Learned a level 5 spell: Lee's Rapid Deconstruction
 17132 | Lair:5   | Learned a level 1 spell: Infusion
 17324 | Lair:5   | Reached skill level 1 in Earth Magic
 17504 | Lair:5   | Reached skill level 17 in Staves
 18039 | Lair:5   | Gained mutation: Your wings are large and strong. [gargoyle growth]
 18039 | Lair:5   | Reached XP level 14. HP: 72/88 MP: 21/21
 20305 | Lair:7   | Reached skill level 1 in Spellcasting
 20544 | Lair:8   | Entered Level 8 of the Lair of Beasts
 20617 | Lair:8   | Noticed Train's ghost (powerful DrTm)
 20623 | Lair:8   | Reached skill level 5 in Earth Magic
 20709 | Lair:8   | Killed Train's ghost
 21335 | Lair:8   | Reached skill level 1 in Charms
 22131 | Lair:8   | Reached XP level 15. HP: 78/96 MP: 22/22
 22513 | Lair:8   | Acquired the Shining One's third power
 22549 | Lair:8   | Reached skill level 18 in Staves
 22882 | Lair:8   | Found a staircase to the Slime Pits.
 24208 | Lair:2   | Noticed Gastronok
 24228 | Lair:2   | Killed Gastronok
 24409 | Lair:2   | Killed Harold
 24814 | Lair:2   | Upgraded the game from 0.16-a0-2652-gd333f3b to 0.16-a0-2675-g216447c
 25578 | D:12     | Acquired the Shining One's fourth power
 25711 | D:12     | Reached skill level 10 in Armour
 25717 | D:12     | Found a staircase to the Orcish Mines.
 26039 | D:12     | Got a pitted battleaxe
 26040 | D:12     | Identified the cursed -2 battleaxe of Phodyn {chop, Str-2 Curse} (You found it on level 12 of the Dungeon)
 26703 | Orc:1    | Entered Level 1 of the Orcish Mines
 26703 | Orc:1    | Found a flagged portal.
 26745 | Bailey   | Entered a bailey
 27018 | Bailey   | Found an iron altar of Okawaru.
 27130 | Orc:1    | Found Destus' Jewellery Shoppe.
 27559 | Orc:2    | Found Kioz's Assorted Antiques.
 28095 | Orc:3    | Found Baz Fid's Assorted Antiques.
 28104 | Orc:3    | Found Psiuvibi's Gadget Emporium.
 28114 | Orc:3    | Reached skill level 5 in Charms
 28144 | Orc:3    | Bought a metallic sapphire potion for 18 gold pieces
 28576 | Orc:1    | Bought the ring of the Messenger {Wiz +Fly rF- rN+ Slay+6} for 984 gold pieces
 28652 | Orc:3    | Found Twusauq's Distillery.
 28658 | Orc:3    | Found a staircase to the Elven Halls.
 28711 | Orc:3    | Found Hop Enk's Distillery.
 28719 | Orc:3    | Bought a potion of beneficial mutation for 490 gold pieces
 28721 | Orc:3    | Gained mutation: You are partially covered in yellow scales (AC +2). [potion of beneficial mutation]
 28829 | Orc:4    | Entered Level 4 of the Orcish Mines
 28889 | Orc:4    | Found Hetel's Assorted Antiques.
 28891 | Orc:4    | Was placed under penance by the Shining One
 28901 | Orc:4    | Was forgiven by the Shining One
 29323 | Orc:4    | Found Traon's General Store.
 29333 | Orc:4    | Found Blad's Gadget Emporium.
 29336 | Orc:4    | Found Ghei's General Store.
 29583 | Orc:4    | Reached XP level 16. HP: 75/101 MP: 23/23
 29668 | Orc:4    | Reached skill level 19 in Staves
 30438 | D:13     | Got a scintillating lead ring
 30440 | D:13     | Identified the ring of Neurosis {Wiz Int+1} (You found it on level 13 of the Dungeon)
 31496 | Lair:2   | Learned a level 2 spell: Song of Slaying
 31499 | Lair:2   | Learned a level 2 spell: Shroud of Golubria
 31503 | Lair:2   | Learned a level 3 spell: Spectral Weapon
 31681 | D:14     | Found a gate to the Vaults.
 32375 | D:14     | Demolished by a very large slime creature

Action                   |  1- 3 |  4- 6 |  7- 9 | 10-12 | 13-15 | 16-18 || total
-------------------------+-------+-------+-------+-------+-------+-------++-------
Melee: Quarterstaff      |   111 |   192 |   306 |  1049 |  2530 |   423 ||  4611
       Unarmed           |       |       |       |       |    23 |       ||    23
 Fire: Blowgun           |       |       |       |     2 |       |       ||     2
       Hunting sling     |       |       |       |     8 |       |       ||     8
Throw: Throwing net      |     1 |       |     2 |       |       |       ||     3
Invok: Recite            |       |       |     6 |     1 |       |       ||     7
       Divine Shield     |       |       |       |     2 |     8 |     1 ||    11
 Abil: Fly               |       |       |       |       |     1 |       ||     1
Evoke: Wand              |       |       |       |     1 |       |     1 ||     2
       Stone of tremors  |       |       |       |       |     1 |       ||     1
  Use: Scroll            |     8 |     6 |     7 |    11 |    15 |     1 ||    48
       Potion            |     6 |     4 |     5 |     7 |     3 |     2 ||    27
 Stab: Sleeping          |     1 |     3 |     5 |     4 |       |       ||    13
       Invisible         |       |       |     7 |       |       |       ||     7
       Distracted        |       |       |       |     1 |       |       ||     1
       Fleeing           |       |       |       |     1 |     1 |       ||     2
       Petrifying        |       |       |       |       |     2 |       ||     2
  Eat: Chunk             |       |     5 |    11 |    25 |    43 |     9 ||    93
       Fruit             |       |       |     2 |     1 |     1 |       ||     4
       Pizza             |       |       |       |     1 |     1 |       ||     2
       Meat ration       |       |       |       |       |     1 |       ||     1
       Royal jelly       |       |       |       |       |     1 |       ||     1
